 Dungeon Crawl Stone Soup version 0.21.1-1-g345015f (webtiles) character file.

310 sking99 the Chopper (level 6, 0/56 HPs)
             Began as a Hill Orc Monk on June 28, 2018.
             Was a Believer of Yredelemnul.
             Killed by divine providence
             ... invoked by an orc priest
              (17 damage)
             ... on level 4 of the Dungeon.
             The game lasted 00:06:51 (3218 turns).

sking99 the Chopper (Hill Orc Monk)                 Turns: 3218, Time: 00:06:53

Health: 0/56       AC: 12    Str: 16    XL:     6   Next: 41%
Magic:  6/6        EV:  7    Int: 10    God:    Yredelemnul [**....]
Gold:   196        SH:  0    Dex: 13    Spells: 5/5 levels left

rFire    . . .     SeeInvis .   a - +0 hand axe
rCold    . . .     Gourm    .   (no shield)
rNeg     . . .     Faith    .   e - +0 chain mail
rPois    .         Spirit   .   g - +0 helmet
rElec    .         Reflect  .   (no cloak)
rCorr    .         Harm     .   l - +0 pair of gloves (curse)
MR       .....                  d - +0 pair of boots
Stlth    ..........             (no amulet)
HPRegen  0.18/turn              (no ring)
MPRegen  0.10/turn              (no ring)

@: no status effects
A: no striking features
a: Animate Remains, Recall Undead Slaves, Injury Mirror, Renounce Religion,
Convert to Beogh


You were on level 4 of the Dungeon.
You worshipped Yredelemnul.
Yredelemnul was pleased with you.
You were not hungry.

You visited 2 branches of the dungeon, and saw 5 of its levels.

You collected 196 gold pieces.

Inventory:

Hand Weapons
 a - a +0 hand axe (weapon)
Armour
 b - a +0 robe
 d - a +0 pair of boots (worn)
 e - a +0 chain mail (worn)
 g - a +0 helmet (worn)
 l - a cursed +0 pair of gloves (worn)
Jewellery
 k - an uncursed ring of flight {unknown}
Scrolls
 h - a scroll of fear {unknown}
 m - a scroll of identify {unknown}
 n - a scroll of fog {unknown}
 o - a scroll of blinking {unknown}
 p - a scroll of immolation {unknown}
 q - a scroll of noise {unknown}
 r - a scroll of teleportation {unknown}
 s - a scroll of enchant armour {unknown}
 t - a scroll of amnesia {unknown}
 v - a scroll of remove curse {unknown}
 x - a scroll of random uselessness {unknown}
Potions
 f - a potion of berserk rage {unknown}
 i - a potion of flight {unknown}
 j - 3 potions of curing {unknown}
 u - a potion of lignification {unknown}
 w - a potion of brilliance {unknown}
Comestibles
 c - 5 rations


   Skills:
 + Level 5.6 Fighting
 + Level 6.4 Axes
 + Level 3.0 Armour
 + Level 2.7 Dodging
 + Level 1.6 Stealth


You had 5 spell levels left.
You didn't know any spells.

Dungeon Overview and Level Annotations

Branches:
Dungeon (4/15)             Temple (1/1) D:4

Altars:
Ashenzari
Cheibriados
Elyvilon
Fedhas
Gozag
Hepliaklqana
Kikubaaqudgha
Makhleb
Nemelex Xobeh
Okawaru
Qazlal
Ru
Sif Muna
Uskayaw
Vehumet
Xom
Yredelemnul
Zin


Message History

The orc priest hits you but does no damage.
Something hits you but does no damage. The orc hits you but does no damage.
You barely miss the orc priest.
The orc priest is severely wounded.
You hit the orc but do no damage. You miss something.
The orc priest hits you but does no damage.
Something hits you but does no damage. The orc misses you.
You hit the orc priest.
The orc priest is almost dead.
You closely miss the orc. You miss something.
The orc priest hits you but does no damage.
Something hits you. The orc hits you but does no damage.
You closely miss the orc priest.
The orc priest is almost dead.
Your chain mail prevents you from hitting the orc.
You miss something.
The orc priest calls down the wrath of Beogh upon you.
Beogh smites you!
You die...
Your body rises from the dead as a mindless zombie.

,,* *#..#*#..###≈≈≈≈###....## #
,,** *...###....≈≈≈≈≈≈.......## #
,,,***..........≈≈≈≈≈≈........# #
,,,,**..###...###≈≈≈≈###......###
,,,,**,,* #..#...#≈≈#...#........
,,,,,*,,* #..#.⌠.#≈≈#.⌠.#....####
,,,,,*,,* ##.#Z..#≈≈#...#..###
,,,,,,,,** #..###o..≈###..#*
,,,,,,,,,* #....@.........* **
,,,,,,,,,* ####o{####...##* ***,
,,,,,,,,,** ##..##*#..## ***,,,
,,,,,,,...####....#...#**###..,,,
,,,,,,,..$...........###......,,,
,,,,,,,...............<.......,,,
,,,,,,,.......................,,,
,,,,,,,.......................,,,
,,,,,,,...................!...,,,


You could see an orc priest and an orc.

Vanquished Creatures
  A scorpion (D:2)
  Natasha (thrice) (D:3)
  A worker ant (D:4)
  A killer bee zombie (D:4)
  6 gnolls
  An adder (D:4)
  2 oozes (D:2)
  3 worms (D:3)
  A dart slug (D:2)
  A leopard gecko (D:2)
  3 orcs
  7 bats
  3 giant cockroaches (D:2)
  5 goblins
  6 hobgoblins
  3 jackals (D:3)
  3 frilled lizards
  2 kobolds
  4 rats
  A fungus (D:4)
57 creatures vanquished.

Vanquished Creatures (collateral kills)
  A gnoll (D:4)
  2 fungi (D:4)
  A plant (D:4)
4 creatures vanquished.

Vanquished Creatures (others)
  A worker ant zombie (D:4)
  2 gnoll zombies (D:4)
3 creatures vanquished.

Grand Total: 64 creatures vanquished

Notes
Turn   | Place    | Note
-------+----------+-------------------------------------------
     0 | D:1      | sking99 the Hill Orc Monk began the quest for the Orb.
     0 | D:1      | Reached XP level 1. HP: 19/19 MP: 1/1
   256 | D:1      | Reached XP level 2. HP: 27/27 MP: 2/2
   497 | D:1      | Found a blossoming altar of Fedhas.
   662 | D:2      | Found a sparkling altar of Nemelex Xobeh.
   861 | D:2      | Reached skill level 1 in Armour
   861 | D:2      | Reached XP level 3. HP: 33/33 MP: 3/3
   900 | D:2      | Noticed a scorpion
   917 | D:2      | Killed a scorpion
   917 | D:2      | Reached skill level 5 in Axes
   917 | D:2      | Reached XP level 4. HP: 14/41 MP: 4/4
  1621 | D:3      | Reached XP level 5. HP: 26/47 MP: 5/5
  1931 | D:3      | Found an opulent altar of Gozag.
  2170 | D:3      | Noticed Natasha
  2176 | D:3      | Killed Natasha
  2300 | D:3      | Noticed Natasha
  2307 | D:3      | Killed Natasha
  2307 | D:3      | Reached skill level 5 in Fighting
  2307 | D:3      | Reached skill level 6 in Axes
  2513 | D:3      | Noticed Natasha
  2527 | D:3      | Killed Natasha
  2527 | D:3      | Reached XP level 6. HP: 45/56 MP: 6/6
  2734 | D:4      | Found a staircase to the Ecumenical Temple.
  2735 | D:4      | Found a blossoming altar of Fedhas.
  2744 | Temple   | Entered the Ecumenical Temple
  2910 | Temple   | Became a worshipper of Yredelemnul the Dark
  2910 | Temple   | Reached * piety under Yredelemnul
  2910 | Temple   | Reached ** piety under Yredelemnul
  3218 | D:4      | Killed from afar by an orc priest

Skill      XL: |  1  2  3  4  5  6 |
---------------+-------------------+-----
Fighting       | 4 5 |  5.6
Armour         | 1 2 3 |  3.0
Axes           | 5 6 |  6.4
Dodging        | |  2.7
Stealth        | |  1.6

Action                   |  1- 3 |  4- 6 || total
-------------------------+-------+-------++-------
Melee: Hand axe          |    85 |   219 ||   304
Invok: Animate Remains   |       |     4 ||     4
  Use: Scroll            |       |     1 ||     1
  Eat: Chunk             |       |     5 ||     5
       Ration            |       |     1 ||     1
Armor: Chain mail        |    55 |   134 ||   189
Dodge: Dodged            |    26 |    87 ||   113
